 Dungeon Crawl Stone Soup version 0.26-a0-1132-ge9770dfcb6 (webtiles) character file.

Game seed: 11370769348763738963

93 ANON1729 the Insei (level 4, -1/32 HPs)
             Began as a Merfolk Transmuter on Dec 20, 2020.
             Slain by a kobold
             ... wielding a +0 trident
              (5 damage)
             ... on level 3 of the Dungeon.
             The game lasted 00:04:01 (3000 turns).

ANON1729 the Insei (Merfolk Transmuter)             Turns: 3000, Time: 00:04:01

Health: -1/32      AC:  2    Str: 10    XL:     4   Next: 61%
Magic:  4/7        EV: 13    Int: 13    God:
Gold:   41         SH:  0    Dex: 14    Spells: 1/7 levels left

rFire    . . .     SeeInvis .     - Unarmed
rCold    . . .     Faith    .   (no shield)
rNeg     . . .     Spirit   .   a - +0 robe
rPois    .         Reflect  .   (helmet currently unavailable)
rElec    .         Harm     .   (no cloak)
rCorr    .         Rampage  .   (no gloves)
Will     .....                  (boots currently unavailable)
Stlth    +.........             (no amulet)
HPRegen  0.10/turn              (no ring)
MPRegen  0.10/turn              (no ring)

@: lethally poisoned (-1 -> -5), appendages, hasted, very quick
A: change form in water, swift swim, stealthy swim, horns 2
a: End Transformation


You were on level 3 of the Dungeon.
You had grown temporary horns.
You visited 1 branch of the dungeon, and saw 3 of its levels.

You collected 41 gold pieces.

Inventory:

Missiles
 j - 5 curare-tipped darts
Armour
 a - a +0 robe (worn)
Jewellery
 h - a cursed ring of attention {unknown}
Scrolls
 c - 2 scrolls of identify {unknown}
 f - a scroll of teleportation {unknown}
 g - 2 scrolls of immolation {unknown}
Potions
 b - a potion of attraction {unknown}
 d - a potion of haste
 e - 2 potions of cancellation {unknown}
 i - a potion of curing {unknown}


   Skills:
 - Level 1.1 Fighting
 - Level 2.6 Dodging
 + Level 5.4 Unarmed Combat
 - Level 2.0 Spellcasting
 + Level 3.4 Transmutations


You had one spell level left.
You knew the following spells:

 Your Spells              Type           Power        Failure   Level
a - Beastly Appendage     Tmut           20%          6%          1
b - Wereblood             Tmut           10%          10%         2
c - Spider Form           Tmut/Pois      2%           36%         3

Your spell library contained the following spells:

 Spells                   Type           Power        Failure   Level
 Ice Form                 Ice/Tmut       5%           77%         4
 Blade Hands              Tmut           5%           86%         5


Dungeon Overview and Level Annotations

Branches:
Dungeon (3/15)

Altars:
Hepliaklqana


Innate Abilities, Weirdness & Mutations

You revert to your normal form in water.
You are very nimble and swift while swimming.
You are very stealthy in the water. (Stealth+)
You have a pair of horns on your head.


Message History

The kobold hits you from afar with a +0 trident.
* * * LOW HITPOINT WARNING * * *
Casting: Beastly Appendage (safe; 6% risk of failure)
Press: ? - help, Q - select action, (/) - cycle Dir - look around, f - activate Look: an adder (almost dead)
Okay, then.
The adder bites you.
* * * LOW HITPOINT WARNING * * *
You aren't carrying any items that you can evoke.
You barely miss the adder.
The adder is almost dead.
The adder bites you.
* * * LOW HITPOINT WARNING * * *
You are lethally poisoned!
The adder poisons you!
It was a potion of haste.
You feel yourself speed up.
* * * LOW HITPOINT WARNING * * *
You feel sick. The adder misses you.
The kobold hits you from afar with a +0 trident.
You die...

#.##.# #.##.#
##########
.##.##.#
#.....g...
.......#
#.........
###.#### #'##
#.##### ##..#
#.....########8.)#
#####.#.))......##
#...#.....@.##
##########8S.#
####K^# ##
#..#'##..#
#...†....#
#.....)..#
#..####..'.. ####
###.. #


You could see an adder and a kobold.

Vanquished Creatures
  2 gnolls (D:3)
  An adder (D:3)
  2 oozes
  A dart slug (D:1)
  A leopard gecko (D:1)
  An orc (D:3)
  A ball python (D:2)
  2 bats
  6 giant cockroaches
  5 goblins
  5 hobgoblins
  4 jackals (D:2)
  6 kobolds
  3 quokkas
  3 frilled lizards
  3 rats
46 creatures vanquished.

Vanquished Creatures (others)
  11 plants (D:3)
11 creatures vanquished.

Grand Total: 57 creatures vanquished

Notes
Turn   | Place    | Note
-------+----------+-------------------------------------------
     0 | D:1      | ANON1729 the Merfolk Transmuter began the quest for the
                  | Orb.
     0 | D:1      | Reached XP level 1. HP: 15/15 MP: 3/3
   350 | D:1      | Reached XP level 2. HP: 21/21 MP: 3/5
   451 | D:1      | Reached skill level 4 in Unarmed Combat
   981 | D:1      | Reached XP level 3. HP: 22/26 MP: 6/6
  1705 | D:2      | Found a hazy altar of Hepliaklqana.
  1846 | D:2      | Reached skill level 5 in Unarmed Combat
  2681 | D:3      | Learned a level 2 spell: Wereblood
  2685 | D:3      | Learned a level 3 spell: Spider Form
  2722 | D:3      | Reached XP level 4. HP: 32/32 MP: 1/7
  3000 | D:3      | Slain by a kobold

Illustrated notes

Levels and vault maps discovered:
D:1:      ncdulo_wetmaze, layout_basic, minmay_misc_feat_ornament,
          minmay_misc_feat_more_columns, minmay_worlds_worst_comb
D:2:      layout_rooms, old_standard_altar, serial_co_window_serial,
          co_window_corner_a, co_window_paths_a, co_window_paths_b,
          co_window_paths_a, co_window_paths_b, co_window_of_opportunity_b,
          co_window_broadway_b, co_window_of_opportunity_c,
          co_window_of_opportunity_c, co_window_paths_c,
          co_window_of_opportunity_b, co_window_cross_2, co_window_paths_e,
          glass_columns_a, glass_columns_c
D:3:      minmay_chambers_of_twos, layout_loops_cross,
          nicolae_overflow_hidden_temple, gammafunk_ghost_grave,
          grunt_ministairs_8, serial_bayou_lagoon_a, uniq_natasha

Skill      XL: |  1  2  3  4 |
---------------+-------------+-----
Unarmed Combat | 4 5 |  5.4
Transmutations | 3 |  3.4
Fighting       | |  1.1
Dodging        | |  2.6
Spellcasting   | |  2.0

Action                   |  1- 3 |  4- 6 || total
-------------------------+-------+-------++-------
Melee: Unarmed           |   153 |    20 ||   173
       Headbutt          |     5 |       ||     5
       Punch             |     3 |       ||     3
 Cast: Beastly Appendage |     7 |     1 ||     8
       Spider Form       |     1 |     2 ||     3
       Wereblood         |     1 |       ||     1
  Use: Potion            |       |     1 ||     1
 Stab: Sleeping          |     1 |       ||     1
Armor: Robe              |    15 |       ||    15
       Skin              |       |     1 ||     1
Dodge: Dodged            |   103 |    20 ||   123

Table legend: (Time is in decaauts)
 A = Elapsed time spent in this place.
 B = Non-inter-level travel time spent in this place.
 C = Inter-level travel time spent in this place.
 D = Time resting spent in this place.
 E = Time spent auto-exploring this place.
 F = Levels seen in this place.
 G = Mean time per level.
                   A        B        C        D        E       F      G
               +--------+--------+--------+--------+--------+-----+--------+
         Total |   2982 |   2955 |     27 |    279 |   2287 |   3 |  994.0 |
       Dungeon |   2982 |   2955 |     27 |    279 |   2287 |   3 |  994.0 |
               +--------+--------+--------+--------+--------+-----+--------+

Top non-repeatable levels by time:
     D:2: 1591 daAuts
     D:1: 1023 daAuts
     D:3: 366 daAuts
